 Dungeon Crawl Stone Soup version 0.25-a0-1079-g858b6a6ff6 (webtiles) character file.

Game seed: 5268824197076164801, levelgen mode: classic

25 Amnesiac the Cutter (level 2, 0/18 HPs)
             Began as a Deep Elf Fighter on May 16, 2020.
             Slain by a leopard gecko (4 damage)
             ... on level 1 of the Dungeon.
             The game lasted 00:01:05 (310 turns).

Amnesiac the Cutter (Deep Elf Fighter)               Turns: 310, Time: 00:01:06

Health: 0/18       AC:  6    Str: 13    XL:     2   Next: 86%
Magic:  4/4        EV:  8    Int: 12    God:
Gold:   25         SH:  8    Dex: 14    Spells: 1/1 levels left

rFire    . . .     SeeInvis .   a - +0 rapier
rCold    . . .     Gourm    .   c - +0 kite shield
rNeg     . . .     Faith    .   e - +0 ring mail
rPois    .         Spirit   .   i - +0 helmet
rElec    .         Reflect  .   (no cloak)
rCorr    .         Harm     .   (no gloves)
MR       .....                  (no boots)
Stlth    +.........             (no amulet)
HPRegen  0.06/turn              (no ring)
MPRegen  0.09/turn              (no ring)

@: no status effects
A: no striking features
a: no special abilities


You were on level 1 of the Dungeon.
You were not hungry.

You visited 1 branch of the dungeon, and saw 1 of its levels.

You collected 25 gold pieces.

Inventory:

Hand Weapons
 a - a +0 rapier (weapon)
Armour
 c - a +0 kite shield (worn)
 e - a +0 ring mail (worn)
 i - a +0 helmet (worn)
Scrolls
 h - a scroll of identify {!r, unknown}
Potions
 b - a potion of ambrosia {!q, unknown}
 d - a potion of might {!q}
Comestibles
 f - 2 rations
 g - 10 chunks of flesh


   Skills:
 - Level 2.4 Fighting
 * Level 3.0 Short Blades
 - Level 2.4 Armour
 + Level 1.5 Dodging
 - Level 2.4 Shields


You had one spell level left.
You didn't know any spells.
Your spell library was empty.

Dungeon Overview and Level Annotations

Branches:
Dungeon (1/15)

Altars:


Message History

The jackal barely misses you. The leopard gecko closely misses you.
You puncture the jackal!
You kill the jackal!
Your Short Blades skill increases to level 3!
The leopard gecko completely misses you.
The leopard gecko bites you.
You hit the giant cockroach.
You kill the giant cockroach!
The leopard gecko bites you but does no damage.
You miss the jackal. The jackal barely misses you. x2
The leopard gecko bites you but does no damage.
You hit the jackal.
The jackal is heavily wounded.
The jackal bites you but does no damage.
The leopard gecko barely misses you.
The jackal bites you but does no damage.
You block the leopard gecko's attack.
You barely miss the jackal.
The jackal is heavily wounded.
The jackal bites you but does no damage.
The leopard gecko closely misses you. The leopard gecko bites you.
The jackal closely misses you.
The leopard gecko bites you but does no damage.
You hit the leopard gecko but do no damage.
The leopard gecko hisses menacingly.
The leopard gecko barely misses you. You block the leopard gecko's attack.
The leopard gecko closely misses you.
Your shield and ring mail prevent you from hitting the leopard gecko.
The leopard gecko completely misses you.
You block the leopard gecko's attack.
You hit the jackal.
The jackal is heavily wounded.
The jackal closely misses you. The leopard gecko barely misses you.
You closely miss the jackal.
The jackal is heavily wounded.
The jackal bites you but does no damage.
You block the leopard gecko's attack. The jackal bites you.
* * * LOW HITPOINT WARNING * * *
The leopard gecko bites you.
* * * LOW HITPOINT WARNING * * *
You closely miss the jackal.
The jackal is heavily wounded.
The jackal bites you.
* * * LOW HITPOINT WARNING * * *
The leopard gecko barely misses you. You block the jackal's attack.
You hit the jackal but do no damage.
The jackal is heavily wounded.
The jackal bites you but does no damage.
The jackal bites you.
* * * LOW HITPOINT WARNING * * *
You block the leopard gecko's attack. You block the jackal's attack.
You are too injured to fight recklessly!
You are too injured to fight recklessly!
You hit the jackal.
You kill the jackal!
You are too injured to fight recklessly!
You are too injured to fight recklessly!
You miss the leopard gecko. You block the leopard gecko's attack.
You are too injured to fight recklessly!
You hit the leopard gecko.
The leopard gecko is lightly wounded.
The leopard gecko bites you.
You die...

....$....................
.........##..............
....(....####............
.......†..###.#...#######
..........(...#....#
.......##....##.######
....... ####.((.......#
.......######.........#
........@ll...........#
.......####.....#######
......# ....##..# .....#
#...####.# ### ...... .#
....... .. ......... ##
#########


You could see 2 leopard geckos.

Vanquished Creatures
  An ooze (D:1)
  A dart slug (D:1)
  A ball python (D:1)
  2 bats (D:1)
  2 giant cockroaches (D:1)
  A goblin (D:1)
  2 hobgoblins (D:1)
  2 jackals (D:1)
  4 kobolds (D:1)
  A rat (D:1)
17 creatures vanquished.

Notes
Turn   | Place    | Note
-------+----------+-------------------------------------------
     0 | D:1      | Amnesiac the Deep Elf Fighter began the quest for the Orb.
     0 | D:1      | Reached XP level 1. HP: 13/13 MP: 3/3
   102 | D:1      | Reached skill level 1 in Dodging
   102 | D:1      | Reached XP level 2. HP: 11/18 MP: 4/4
   286 | D:1      | Reached skill level 3 in Short Blades
   310 | D:1      | Slain by a leopard gecko

Illustrated notes

Levels and vault maps discovered:
D:1:      onia_arrival_mini_spirals, layout_rooms

Skill      XL: |  1  2 |
---------------+-------+-----
Dodging        | 1 |  1.5
Short Blades   | 3 |  3.0
Fighting       | |  2.4
Armour         | |  2.4
Shields        | |  2.4

Action                   || total
-------------------------++-------
Melee: Rapier            ||    65
Armor: Scale mail        ||    31
       Ring mail         ||    13
Dodge: Dodged            ||    34
Block: Kite shield       ||    52

Table legend:
 A = Non-vault XP
 B = Vault XP
 C = Vault XP percentage of total XP
 D = Non-vault monster count
 E = Vault monster count
 F = Vault count percentage of total count
                 A         B        C        D         E       F
            +---------+---------+-------+---------+---------+-------
      Total |      37 |       0 |   0.0 |      17 |       0 |   0.0
            +---------+---------+-------+---------+---------+-------
        D:1 |      37 |       0 |   0.0 |      17 |       0 |   0.0
            +---------+---------+-------+---------+---------+-------
